 Dungeon Crawl Stone Soup version 0.21-a0-426-g98080a9 (webtiles) character file.

8 July the Skirmisher (level 2, 0/27 HPs)
             Began as a Minotaur Berserker on Nov 6, 2017.
             Was a Follower of Trog.
             Killed by nerve-wracking pain
             ... invoked by Grinder
              (8 damage)
             ... on level 3 of the Dungeon.
             The game lasted 00:03:51 (1118 turns).

July the Skirmisher (Minotaur Berserker)            Turns: 1118, Time: 00:03:51

Health: 0/27       AC:  5    Str: 21    XL:     2   Next: 0%
Magic:  1/1        EV: 11    Int:  4    God:    Trog [*.....]
Gold:   49         SH:  0    Dex:  9    Spells: 1/1 levels left

rFire    . . .     SeeInvis .   a - +0 spear
rCold    . . .     Gourm    .   (no shield)
rNeg     . . .     Faith    .   d - +0 ring mail
rPois    .         Spirit   .   (helmet restricted)
rElec    .         Reflect  .   (no cloak)
rCorr    .         Harm     .   (no gloves)
MR       .....                  (no boots)
Stlth    ..........             (no amulet)
HPRegen  0.09/turn              (no ring)
MPRegen  0.07/turn              (no ring)

@: no status effects
A: retaliatory headbutt, horns 2
a: Berserk, Burn Spellbooks, Renounce Religion


You were on level 3 of the Dungeon.
You worshipped Trog.
Trog was aware of your devotion.
You were hungry.

You visited 1 branch of the dungeon, and saw 3 of its levels.

You collected 49 gold pieces.

Inventory:

Hand Weapons
 a - a +0 spear (weapon)
Armour
 b - a +0 animal skin
 d - a +0 ring mail (worn)
Scrolls
 e - a scroll of identify {unknown}
 g - a scroll of remove curse {unknown}
Comestibles
 c - 2 bread rations
 f - a royal jelly


   Skills:
 + Level 4.1 Fighting
 + Level 3.7 Polearms
 + Level 2.5 Armour
 + Level 2.2 Dodging


You had one spell level left.
You didn't know any spells.

Dungeon Overview and Level Annotations

Branches:
Dungeon (3/15)

Altars:

Annotations:
D:3 Grinder


Innate Abilities, Weirdness & Mutations

You reflexively headbutt those who attack you in melee.
You have a pair of horns on your head.


Message History

You barely resist.
You are feeling hungry.
You closely miss Grinder.
Grinder is moderately wounded.
Grinder barely misses you.
You closely miss Grinder.
Grinder is moderately wounded.
Grinder hits you.
You writhe in agony.
* * * LOW HITPOINT WARNING * * *
You hit Grinder. You headbutt Grinder!
Grinder is heavily wounded.
You hit Grinder.
Grinder is severely wounded.
Grinder says, "FISH!"
Grinder misses you. You furiously retaliate!
You headbutt Grinder! You closely miss Grinder.
Grinder is almost dead.
Grinder gestures at you. Pain shoots through your body!
You die...

. . .#####.#
.....#.# ##......##
##........# #######
#..........
#..<..####..........
#.....@5.†..........
#.....####..>.......
#...<.# #..........
#....[# ##.........
#...<.# ..........
#.....# #..........
####.## #..........
#.# #.......... #.#


You could see Grinder.

Vanquished Creatures
  An ooze (D:2)
  A giant cockroach (D:3)
  A hobgoblin (D:3)
  A rat (D:1)
4 creatures vanquished.

Notes
Turn   | Place    | Note
-------+----------+-------------------------------------------
     0 | D:1      | July the Minotaur Berserker began the quest for the Orb.
     0 | D:1      | Reached XP level 1. HP: 19/19 MP: 0/0
   150 | D:2      | Reached skill level 4 in Fighting
  1078 | D:3      | Noticed Grinder
  1081 | D:3      | Paralysed by Grinder for 3 turns
  1095 | D:3      | Reached XP level 2. HP: 27/27 MP: 1/1
  1118 | D:3      | Killed from afar by Grinder

Vault maps used:
D:1:      eino_arrival_druids_welcome
D:2:      lemuel_doored_altar, yredelemnul_altar_generic, uniq_sigmund,
          uniq_jessica
D:3:      kb_forest_paths, first_bread, chequers_ecumenical_altar_simple_redux,
          uniq_grinder

Skill      XL: |  1 |
---------------+----+-----
Fighting       | 4 |  4.1
Polearms       | |  3.7
Armour         | |  2.5
Dodging        | |  2.2

Action                   || total
-------------------------++-------
Melee: Spear             ||    26
       Headbutt          ||     4
Armor: Ring mail         ||     5
Dodge: Dodged            ||    10

Table legend:
 A = Spawn XP
 B = Non-spawn XP
 C = Spawn XP percentage of total XP
 D = Spawn monster count
 E = Non-spawn monster count
 F = Spawn count percentage of total count
 G = Total turns spent on level
                    A         B        C        D         E        F      G
               +---------+---------+-------+---------+---------+-------+---------
         Total |       0 |      12 |   0.0 |       0 |       4 |   0.0 |  1118
               +---------+---------+-------+---------+---------+-------+---------
           D:1 |       0 |       1 |   0.0 |       0 |       1 |   0.0 |   128
           D:2 |       0 |       7 |   0.0 |       0 |       1 |   0.0 |   923
           D:3 |       0 |       4 |   0.0 |       0 |       2 |   0.0 |    67
               +---------+---------+-------+---------+---------+-------+---------
